 Dungeon Crawl Stone Soup version 0.30.0 (webtiles) character file.

Game seed: 3193822559448051606

1979436 alexhoolio the Invulnerable (level 25, 231/231 HPs)
             Began as a Minotaur Berserker on May 31, 2023.
             Was a High Priest of Trog.
             Escaped with the Orb
             ... and 3 runes on June 2, 2023!
             The game lasted 05:43:07 (49428 turns).

alexhoolio the Invulnerable (Minotaur Berserker)   Turns: 49428, Time: 05:43:08

Health: 231/231    AC: 46    Str: 39    XL:     25   Next: 94%
Magic:  30/30      EV: 21    Int:  4    God:    Trog [*****.]
Gold:   1467       SH: 29    Dex: 12    Spells: 24/24 levels left

rFire   + + .        a - +9 demon trident (freeze)
rCold   + + .        h - +5 tower shield {AC+3}
rNeg    . . .        k - +4 gold dragon scales
rPois   +            L - +2 hat {Stlth+}
rElec   +            Z - +2 cloak
rCorr   .            q - +2 pair of gloves {hurl}
SInv    .            X - +2 pair of slick slippers {slick, slippery, EV+4}
Will    +....        Y - amulet "Vahuga" {Spirit Regen+ Str+3 Slay+4} Stlth
                     s - ring "Fiennes" {rElec rPois rC+ Str+4 Stlth+}
HPRegen 1.38/turn    l - ring of protection from fire
MPRegen 0.22/turn

%: random rage (3%), guardian spirit
@: studying Invocations
A: horns 2, retaliatory headbutt, berserk 1, frail 1, inability to drink after
injury 1
0: Orb of Zot
}: 3/15 runes: barnacled, silver, gossamer
a: Renounce Religion, Berserk, Trog's Hand, Brothers in Arms


You escaped.
You worshipped Trog.
Trog was extremely pleased with you.
You visited 9 branches of the dungeon, and saw 47 of its levels.
You also visited: Volcano.

You collected 7902 gold pieces.
You spent 6435 gold pieces at shops.

Inventory:

Hand Weapons
 a - a +9 demon trident of freezing (weapon)
Missiles
 w - 37 poisoned darts
 y - 6 throwing nets
 U - 11 silver javelins (quivered)
 V - 15 javelins
Armour
 h - a +5 tower shield of protection (worn)
 k - +4 gold dragon scales (worn)
 q - a +2 pair of gloves of hurling (worn)
 L - a +2 hat of stealth (worn)
 X - the +2 pair of slick slippers (worn) {slick, slippery, EV+4}
   (You bought it in a shop on level 2 of the Orcish Mines)

   Slick:     Its wearer cannot be constricted, engulfed, netted or webbed.
   Slippery:  Its wearer slips away from damaging melee attacks, pulling the
   attacker onward.
   EV:        It affects your evasion (+4).
 Z - a +2 cloak (worn)
Jewellery
 c - a ring of willpower
 l - a ring of protection from fire (right hand)
 p - a ring of positive energy
 s - the ring "Fiennes" (left hand) {rElec rPois rC+ Str+4 Stlth+}
   (You found it on level 2 of the Depths)

   [ring of poison resistance]

   Str:       It affects your strength (+4).
   rC:        It protects you from cold.
   rElec:     It insulates you from electricity.
   rPois:     It protects you from poison.
   Stlth:     It makes you more stealthy.
 H - a +4 ring of slaying
 T - a ring of see invisible
 Y - the amulet "Vahuga" (around neck) {Spirit Regen+ Str+3 Slay+4}
   (You found it on level 4 of the Lair of Beasts)

   [amulet of guardian spirit]

   It causes incoming damage to be divided between your reserves of health and
   magic.
   Str:       It affects your strength (+3).
   Slay:      It affects your accuracy & damage with ranged weapons and melee
   (+4).
   Regen:     It increases your rate of health regeneration.
Wands
 j - a wand of polymorph (12)
 r - a wand of mindburst (8)
 A - a wand of roots (22)
 C - a wand of flame (83)
 D - a wand of digging (13)
 G - a wand of charming (46)
 M - a wand of light (15)
Scrolls
 b - 15 scrolls of teleportation
 e - 6 scrolls of fog
 g - 9 scrolls of poison
 m - 7 scrolls of blinking
 t - 3 scrolls of magic mapping
 u - 11 scrolls of vulnerability
 E - 4 scrolls of enchant weapon
 J - a scroll of silence
 K - 11 scrolls of fear
 P - 4 scrolls of immolation
 Q - 18 scrolls of identify
Potions
 d - 16 potions of attraction
 f - 4 potions of cancellation
 i - 11 potions of lignification
 n - 28 potions of curing
 o - 8 potions of mutation
 v - 9 potions of haste
 x - 3 potions of ambrosia
 z - 5 potions of might
 F - 5 potions of magic
 I - a potion of berserk rage
 N - 4 potions of flight
 R - 2 potions of resistance
 S - 12 potions of heal wounds
Miscellaneous
 O - a box of beasts


   Skills:
 O Level 27 Fighting
 - Level 14.0 Polearms
 - Level 6.3 Throwing
 O Level 27 Armour
 + Level 22.8 Dodging
 O Level 27 Shields
 - Level 11.0 Invocations
 - Level 12.8 Evocations


You had 24 spell levels left.
You didn't know any spells.
Your spell library was empty.

Dungeon Overview and Level Annotations

Branches:
Dungeon (15/15)            Temple (0/1) D:5            Lair (5/5) D:10
 Shoals (4/4) Lair:2       Spider (4/4) Lair:2        Slime (3/5) Lair:5
    Orc (2/2) D:9             Elf (0/3) Orc:2        Vaults (5/5) D:14
  Crypt (0/3) Vaults:3     Depths (4/4) D:15            Zot (5/5) Depths:4
Volcano (visited)

Altars:
Ashenzari
Cheibriados
Gozag
Hepliaklqana
Kikubaaqudgha
Qazlal
Ru
Sif Muna
Trog
Uskayaw
Xom
Yredelemnul
Zin
The Shining One
Lugonu

Shops:
D:4 *   D:10 *   D:12 (   D:13 (   D:15 (   Orc:2 =[[((   Shoals:2 :
Vaults:3 [   Vaults:4 ?   Vaults:5 [(??!!(?   Depths:1 [*:?

Portals:
Hell: Depths:1 Depths:2 Depths:3 Depths:4
Abyss: Lair:5 Depths:1 Depths:3 Depths:4
Pandemonium: Depths:2 Depths:4
Ziggurat: Depths:2

Annotations:
Shoals:4 2 transporters, MrDizzy's ghost, adept HOBe; Roxanne
Zot:1 exclusion: oklob plant
Zot:5 exclusion: orange crystal statue


Innate Abilities, Weirdness & Mutations

You have a pair of horns on your head.
You reflexively headbutt those who attack you in melee.
You sometimes lose your temper in combat.
You are frail. (-10% HP)
You occasionally lose the ability to drink potions when taking damage.


Message History

(N) Spider Nest (M) Slime Pits (O) Orcish Mines (E) Elven Halls (V) Vaults (C) Crypt (U) Depths (H) Hell (Z) Zot
Where to? (Enter - D:1 @ (x,y), ? - help)
What level of the Dungeon? (default 1, ? - help)
There is a stone staircase leading up here.
You climb upwards.
There is a stone staircase leading down here.
A large abomination comes into view.
You reach to attack!
You stick the large abomination like a pincushion!!!
You freeze the large abomination.
The large abomination is almost destroyed.
You reach to attack!
You hit the large abomination. You freeze the large abomination.
You destroy the large abomination!
Trog accepts your kill.
No target in view!
(D) Dungeon (T) Temple (L) Lair (A) Shoals (N) Spider Nest (M) Slime Pits (O) Orcish Mines (E) Elven Halls (V) Vaults (C) Crypt (U) Depths (H) Hell (Z) Zot
Where to? (Enter - D:1 @ (x,y), ? - help)
What level of the Dungeon? (default 1, ? - help)
There is a stone staircase leading down here.
Things that are here:
a +0 club; a +0 flail; a +0 club
There is a stone staircase leading up here.
You climb upwards.
There is a stone staircase leading down here.
There is a stone staircase leading up here.
You climb upwards.
There is a stone staircase leading down here.
There is a stone staircase leading up here.
You climb upwards.
There is a stone staircase leading down here.
A Hell Sentinel comes into view.
There is an open door here.
There is a staircase leading out of the dungeon here.
You have escaped!

##.# #.# # #..# #.# # #.##
#.# # #.# #.# # # ########.#
#.# # ## #........# #.# # .#
##### #.⌠...⌠..# #.# # .#
#...####..###...######.# #
.#####.#.##....#@#.......##.#
#
...............#'#...###.##.#
#
...:....###...⌠..1⌠.........#
# .#####.##
##........####.#### # .# ###
#####.#### #.# # .# #.#
#.######## .# #.# #.........
.###############.# ##########
.................#


You could see a Hell Sentinel.

Vanquished Creatures
  A dread lich (Vaults:5)
  An ancient lich (Zot:5)
  A pandemonium lord (Depths:1)
  Mennas (Vaults:3)
  2 juggernauts (Depths:2)
  Boris (twice) (Vaults:3 Depths:3)
  Josephina (Zot:2)
  7 curse toes
  Saint Roka (Vaults:3)
  A caustic shrike (Depths:2)
  Margery (Vaults:2)
  6 golden dragons
  The ghost of Droegar the Slayer, an adept MiBe of Trog (Vaults:2)
  A Tzitzimitl (Zot:1)
  Arachne (Spider:2)
  A hellephant (Depths:1)
  A bone dragon (Depths:4)
  19 tentacled monstrosities
  A walking crystal tome (Depths:2)
  4 liches
  12 Orb Guardians
  A walking earthen tome (Depths:3)
  Asterion (Spider:2)
  8 titans
  8 quicksilver dragons
  8 acid blobs
  9 sphinxes
  Gastronok (Lair:2)
  An Executioner (D:15)
  Frances (D:13)
  12 death cobs
  Donald (Spider:1)
  10 shadow dragons
  3 tengu reavers
  12 draconian monks
  20 storm dragons
  Kirke (Spider:2)
  12 fire giants
  5 rockslimes
  8 frost giants
  14 vault wardens
  4 draconian knights
  2 deep elf sorcerers (Vaults:5)
  6 emperor scorpions
  10 ghost moths
  An angel (Zot:1)
  8 draconian annihilators
  6 draconian scorchers
  2 draconian stormcallers (Zot:1)
  6 draconian shifters
  5 spriggan defenders
  38 very ugly things
  21 ironbound preservers
  A reaper (D:15)
  3 war gargoyles (Vaults:4)
  An orc warlord (Orc:2)
  2 quicksilver oozes (Slime:1)
  2 broodmothers
  16 green draconians
  12 stone giants
  7 ironbound thunderhulks
  A deep elf demonologist (Vaults:5)
  Nessos (D:13)
  2 vampire knights
  10 black draconians
  3 deep elf annihilators
  18 white draconians
  8 red draconians
  4 dire elephants (Vaults:4)
  11 purple draconians
  17 yellow draconians
  15 spark wasps
  6 merfolk javelineers
  A deep elf death mage (Vaults:5)
  3 fire dragons
  Snorg (D:10)
  4 merfolk impalers
  9 ettins
  7 crystal guardians
  The ghost of Kotami the Carver, a journeyman OpFi of Dithmenos (Lair:2)
  13 yaktaur captains
  Harold (D:11)
  4 entropy weavers
  4 hydras
  2 rakshasas (Depths:3)
  5 great orbs of eyes
  34 vault guards
  3 peacekeepers (Vaults:4)
  2 catoblepae (Lair:4)
  10 ice dragons
  2 hell beasts
  A jorogumo (Spider:3)
  2 spriggan air magi
  An alligator (Shoals:3)
  4 merfolk avatars
  14 ironbound frosthearts
  4 ogre magi
  An alligator snapping turtle (Shoals:3)
  5 merfolk aquamancers
  10 centaur warriors
  2 satyrs
  11 tengu warriors
  13 two-headed ogres
  3 dancing weapons
  2 two-headed ogres (shapeshifter)
  A radroach (Spider:3)
  5 boulder beetles
  2 thrashing horrors (Lair:5)
  13 deep troll shamans
  An orc high priest (Orc:2)
  6 spriggan berserkers
  Urug (Lair:5)
  11 deep troll earth magi
  14 hell hogs
  2 hell knights (Vaults:2)
  Nergalle (Lair:2)
  7 skysharks
  Amaemon (Lair:2)
  A skeletal warrior (Volcano)
  8 pharaoh ants
  15 iron trolls
  3 sun moths (Spider:2)
  7 orb spiders
  A goliath frog (Shoals:3)
  A sixfirhy (D:8)
  8 sea snakes
  64 deep trolls
  4 flayed ghosts
  A shadow demon (D:8)
  A glowing orange brain (Depths:3)
  A phantasmal warrior (Vaults:5)
  7 wizards
  An anaconda skeleton (Volcano)
  7 necromancers
  14 ironbound convokers
  13 lindwurms
  5 steelbarb worms
  2 deep elf pyromancers
  29 harpies
  23 wolf spiders
  9 orc knights
  7 orc sorcerers
  39 ugly things
  A shadow dragon zombie (Vaults:5)
  A faun (shapeshifter) (Depths:2)
  A shining eye (Slime:2)
  2 human zombies
  A shadow dragon skeleton (Depths:1)
  13 manticores
  A salamander (Depths:3)
  2 large abominations
  A frost giant zombie (Depths:1)
  23 moths of wrath
  10 fauns
  4 demonic crawlers
  2 cyclopes (shapeshifter)
  13 elephants
  A toenail golem (D:9)
  7 water nymphs
  7 cyclopes
  23 vault sentinels
  A merfolk siren (Shoals:2)
  4 eyes of devastation
  A water nymph (shapeshifter) (Lair:5)
  3 black mambas (Lair:4)
  5 gargoyles
  A guardian serpent (Lair:4)
  A rust devil (Depths:2)
  A smoke demon (Lair:5)
  3 orange demons
  4 torpor snails
  9 cane toads
  2 efreet
  An unseen horror (D:13)
  2 yaktaurs (shapeshifter)
  4 rime drakes
  4 freezing wraiths
  An elf skeleton (Vaults:2)
  A tormentor (Depths:2)
  3 tengu conjurers
  12 komodo dragons
  16 yaktaurs
  A ghost moth simulacrum (Zot:2)
  A yaktaur skeleton (Vaults:4)
  An ancient zyme (Lair:5)
  A queen bee (shapeshifter) (Lair:5)
  11 trolls
  8 hornets
  24 merfolk
  2 polar bears
  6 wind drakes
  35 tarantellas
  6 saltlings (Orc:2)
  13 blink frogs
  5 dream sheep (Shoals:4)
  A stone giant simulacrum (Vaults:4)
  61 slime creatures
  3 flying skulls (Volcano)
  4 snapping turtles
  12 water elementals
  5 alligator skeletons (Volcano)
  37 jumping spiders
  23 culicivoras
  An ettin skeleton (Depths:1)
  8 spriggans
  A shadow (D:9)
  A ynoxinul (Depths:2)
  36 yaks
  4 wraiths
  2 wyverns
  5 basilisks
  A hog (Spider:2)
  A purple draconian simulacrum (Zot:2)
  5 chaos spawn
  A steam dragon (D:7)
  3 vampire mosquitoes (D:13)
  46 redbacks
  2 wargs
  2 acid dragons
  10 water moccasins
  Duvessa (D:4)
  An ice beast (D:6)
  24 orc warriors
  An ettin simulacrum (Vaults:4)
  3 black bears
  10 ogres
  10 boggarts
  3 centaurs
  21 wolves
  3 phantoms
  Blork the orc (D:6)
  A wyvern zombie (D:9)
  10 bullfrogs
  2 gnoll sergeants
  4 scorpions
  A glowing shapeshifter simulacrum (Vaults:2)
  2 human skeletons
  5 wights
  Dowan (D:4)
  13 killer bees
  2 troll skeletons (Volcano)
  A howler monkey (D:8)
  An electric eel (Spider:4)
  2 spriggan skeletons (Volcano)
  5 hounds
  17 orc priests
  A human simulacrum (Vaults:2)
  4 iguanas
  18 jellies
  Jessica (D:3)
  Ijyb (D:3)
  22 orc wizards
  9 small abominations
  A naga skeleton (Volcano)
  A mummy (D:9)
  16 gnolls
  13 adders
  A white imp (Vaults:4)
  2 ufetubi (D:5)
  4 worms
  78 orcs
  9 ball pythons
  11 endoplasms
  4 giant cockroaches
  7 goblins
  2 hobgoblins
  3 jackals (D:5)
  3 kobolds
  2 quokkas
  13 bats
  6 frilled lizards
  5 rats
1929 creatures vanquished.

Vanquished Creatures (collateral kills)
  A golden dragon (Depths:4)
  A titan (Vaults:5)
  An acid blob (Zot:1)
  A sphinx (Vaults:5)
  A tengu reaver (Depths:2)
  A fire giant (Depths:2)
  An emperor scorpion (Spider:4)
  A frost giant (Vaults:4)
  3 vault wardens
  A draconian knight (Zot:1)
  A very ugly thing (Vaults:5)
  An ironbound preserver (Vaults:3)
  A stone giant (Vaults:5)
  4 yellow draconians (Zot:1)
  A great orb of eyes (Vaults:4)
  A vault guard (Vaults:5)
  An ogre mage (Vaults:5)
  A centaur warrior (Vaults:4)
  2 satyrs (Shoals:3)
  2 alligator snapping turtles (Shoals:3)
  A spriggan berserker (Depths:4)
  A skyshark (shapeshifter) (Vaults:5)
  A skeletal warrior (Volcano)
  A sea snake (Shoals:3)
  2 deep trolls (Vaults:4)
  An ironbound convoker (Vaults:4)
  5 fauns (Shoals:3)
  A moth of wrath (Zot:1)
  A gargoyle (Volcano)
  A yaktaur (Vaults:4)
  A merfolk (Shoals:3)
  A tarantella (Spider:1)
  4 snapping turtles (Shoals:3)
  5 water elementals (Shoals:3)
  A redback (Spider:1)
  A jelly (Zot:1)
  2 orcs (Vaults:3)
57 creatures vanquished.

Vanquished Creatures (others)
  A draconian knight (Zot:4)
  A radroach (Spider:1)
  A quicksilver dragon simulacrum (Zot:2)
  A draconian simulacrum (Zot:2)
  6 humans (Spider:2)
  2 jellies (Zot:1)
  An orc wizard (D:7)
  2 orcs
  41 fungi
  4 pillars of salt (Orc:2)
  88 plants
  2 withered plants (Lair:2)
150 creatures vanquished.

Grand Total: 2136 creatures vanquished

Notes
Turn   | Place    | Note
-------+----------+-------------------------------------------
     0 | D:1      | alexhoolio the Minotaur Berserker began the quest for the
                  | Orb.
     0 | D:1      | Reached XP level 1. HP: 19/19 MP: 0/0
   147 | D:1      | Reached XP level 2. HP: 27/27 MP: 1/1
   761 | D:2      | You fall into a shaft and drop 1 floor!
   762 | D:3      | Noticed Jessica
   779 | D:2      | Reached XP level 3. HP: 25/35 MP: 2/2
   887 | D:2      | Reached skill level 5 in Fighting
  1097 | D:2      | Reached ** piety under Trog
  1736 | D:3      | Killed Jessica
  1737 | D:3      | Reached XP level 4. HP: 42/42 MP: 3/3
  1751 | D:3      | Found a faded altar of an unknown god.
  1828 | D:3      | Reached XP level 5. HP: 50/50 MP: 4/4
  1846 | D:2      | Reached skill level 5 in Polearms
  1925 | D:3      | Noticed Ijyb
  1934 | D:3      | Killed Ijyb
  2199 | D:3      | Found Ruff's Vocational Training.
  2394 | D:4      | Reached XP level 6. HP: 57/60 MP: 5/5
  2445 | D:4      | Reached *** piety under Trog
  2774 | D:4      | Noticed Dowan
  2777 | D:4      | Noticed Duvessa
  2783 | D:4      | Killed Duvessa
  2790 | D:4      | Killed Dowan
  2791 | D:4      | Reached XP level 7. HP: 68/68 MP: 6/6
  2886 | D:4      | Found Cytseel's General Store.
  2889 | D:4      | Bought a +2 buckler of positive energy for 222 gold pieces
  2982 | D:4      | Found a shimmering blue altar of Sif Muna.
  3036 | D:5      | Entered Level 5 of the Dungeon
  3488 | D:5      | Found a staircase to the Ecumenical Temple.
  3498 | D:5      | Noticed a two-headed ogre
  3532 | D:5      | Killed a two-headed ogre
  3533 | D:5      | Reached skill level 10 in Polearms
  3533 | D:5      | Reached XP level 8. HP: 63/74 MP: 7/7
  3972 | D:6      | Noticed Blork the orc
  4010 | D:6      | Found a snail-covered altar of Cheibriados.
  4192 | D:6      | Found a bloodstained altar of Trog.
  4243 | D:6      | Reached **** piety under Trog
  4452 | D:6      | Killed Blork the orc
  4453 | D:6      | Reached XP level 9. HP: 81/81 MP: 8/8
  4683 | D:7      | Found a hide-covered altar of Uskayaw.
  4714 | D:7      | Found an opulent altar of Gozag.
  4926 | D:7      | Reached skill level 1 in Shields
  5502 | D:8      | Reached skill level 1 in Invocations
  5858 | D:9      | Found a broken altar of Ashenzari.
  5869 | D:9      | Reached XP level 10. HP: 91/91 MP: 10/10
  6005 | D:9      | Found a transporter.
  6010 | D:9      | Found a basalt altar of Yredelemnul.
  6014 | D:9      | Noticed a flayed ghost
  6097 | D:9      | Found a glowing golden altar of the Shining One.
  6214 | D:9      | Reached skill level 5 in Armour
  6288 | D:9      | Found a staircase to the Orcish Mines.
  6291 | D:9      | Found a transporter.
  6356 | D:9      | Identified the +3 scale mail "Qimeew" {Drain rPois rF++
                  | Dex+4}
  6357 | D:9      | Found an ancient bone altar of Kikubaaqudgha.
  6421 | D:9      | Found a sacrificial altar of Ru.
  6631 | D:10     | Entered Level 10 of the Dungeon
  6660 | D:10     | Found Usiacel's Assorted Antiques.
  6715 | D:10     | Reached skill level 5 in Shields
  6719 | D:10     | Reached ***** piety under Trog
  6739 | D:10     | Reached skill level 10 in Fighting
  6802 | D:10     | Found a staircase to the Lair.
  6947 | D:10     | Found a glowing silver altar of Zin.
  7139 | D:10     | Noticed Snorg
  7147 | D:10     | Killed Snorg
  7304 | D:10     | Noticed a two-headed ogre
  7310 | D:10     | Killed a two-headed ogre
  7311 | D:10     | Reached XP level 11. HP: 101/101 MP: 13/13
  7323 | D:10     | Identified the +9 ring mail "Osog" {Will+ Int+3}
  7755 | Orc:1    | Entered Level 1 of the Orcish Mines
  7766 | Orc:1    | Reached skill level 5 in Invocations
  8396 | Orc:2    | Entered Level 2 of the Orcish Mines
  8399 | Orc:2    | Noticed an orc sorcerer
  8399 | Orc:2    | Noticed an orc sorcerer
  8433 | Orc:2    | Noticed an orc knight
  8433 | Orc:2    | Found a staircase to the Elven Halls.
  8655 | Orc:2    | Received a gift from Trog
  8752 | Orc:2    | Killed an orc sorcerer
  8755 | Orc:2    | Killed an orc sorcerer
  8804 | Orc:2    | Noticed an orc warlord
  8835 | Orc:2    | Killed an orc warlord
  8953 | Orc:2    | Found Yppexysk's Antique Weapon Shoppe.
  9150 | Orc:2    | Killed an orc knight
  9317 | Orc:2    | Noticed an orc sorcerer
  9322 | Orc:2    | Killed an orc sorcerer
  9345 | Orc:2    | Noticed an orc knight
  9351 | Orc:2    | Killed an orc knight
  9352 | Orc:2    | Reached XP level 12. HP: 112/112 MP: 16/16
  9399 | Orc:2    | Noticed an orc high priest
  9429 | Orc:2    | Found Fuppyucocw's Armour Shoppe.
  9438 | Orc:2    | Reached skill level 10 in Armour
  9472 | Orc:2    | Bought the +2 pair of slick slippers {slick, slippery,
                  | EV+4} for 459 gold pieces
  9472 | Orc:2    | Found the +2 pair of slick slippers {slick, slippery, EV+4}
  9497 | Orc:2    | Killed an orc high priest
  9499 | Orc:2    | Found Galyuki's Armour Shoppe.
  9501 | Orc:2    | Found Entash's Jewellery Shoppe.
  9520 | Orc:2    | Noticed a two-headed ogre
  9529 | Orc:2    | Killed a two-headed ogre
  9531 | Orc:2    | Reached skill level 10 in Shields
  9583 | Orc:2    | Noticed a two-headed ogre
  9584 | Orc:2    | Killed a two-headed ogre
  9610 | Orc:2    | Found Foulabla's Antique Weapon Boutique.
  9996 | D:3      | Bought a manual of Evocations for 1040 gold pieces
 10149 | Lair:1   | Entered Level 1 of the Lair of Beasts
 10149 | Lair:1   | Found the +5 robe of Misfortune {Harm *Corrode *Slow EV+5}
 10161 | Lair:1   | Reached skill level 1 in Evocations
 10381 | Lair:1   | Noticed a boulder beetle
 10390 | Lair:1   | Killed a boulder beetle
 10941 | Lair:2   | Identified 2 scrolls of acquirement
 10941 | Lair:2   | Acquired a +0 tower shield of protection
 10949 | Lair:2   | Reached XP level 13. HP: 72/123 MP: 18/18
 11033 | Lair:2   | Noticed Nergalle
 11049 | Lair:2   | Killed Nergalle
 11053 | Lair:2   | Found a staircase to the Shoals.
 11144 | Lair:2   | Noticed Amaemon
 11164 | Lair:2   | Killed Amaemon
 11250 | Lair:2   | Found a hole to the Spider Nest.
 11314 | Lair:2   | Found a dark tunnel.
 11318 | Volcano  | Entered a volcano
 11413 | Volcano  | Reached skill level 5 in Evocations
 11751 | Volcano  | Reached skill level 15 in Fighting
 12020 | Lair:2   | Found a runed translucent door.
 12021 | Lair:2   | Noticed Kotami's ghost (journeyman OpFi)
 12082 | Lair:2   | Noticed Gastronok
 12095 | Lair:2   | Killed Gastronok
 12400 | Lair:2   | Killed Kotami's ghost
 12636 | Lair:3   | Found a glowing golden altar of the Shining One.
 13140 | Lair:3   | Reached XP level 14. HP: 137/137 MP: 19/19
 13685 | Lair:4   | Identified the amulet "Vahuga" {Spirit Regen+ Str+3 Slay+4}
 14144 | Lair:4   | Found the +3 pair of seven-league boots {Rampage+∞}
 14334 | Lair:5   | Entered Level 5 of the Lair of Beasts
 14364 | Lair:5   | Received a gift from Trog
 14392 | Lair:5   | Found a runed translucent door.
 14470 | Lair:5   | Noticed Urug
 14487 | Lair:5   | Killed Urug
 14875 | Lair:5   | Acquired the +1 pair of gloves of the Big Bang {+Inv}
 15127 | Lair:5   | Reached skill level 5 in Dodging
 15200 | Lair:5   | Found a corrupted altar of Lugonu.
 15200 | Lair:5   | Found a one-way gate to the infinite horrors of the Abyss.
 15395 | Lair:5   | Found a staircase to the Slime Pits.
 15499 | D:11     | Noticed Harold
 15501 | D:11     | Killed Harold
 16801 | D:12     | Found Boellabb's Antique Weapon Emporium.
 17080 | D:13     | Reached XP level 15. HP: 147/147 MP: 20/20
 17127 | D:13     | Noticed Nessos
 17141 | D:13     | Killed Nessos
 17457 | D:13     | Found Zooleacru's Antique Weapon Shop.
 17599 | D:13     | Noticed Frances
 17632 | D:13     | Killed Frances
 17989 | D:14     | Found a gate to the Vaults.
 18007 | D:14     | Reached skill level 10 in Evocations
 18503 | D:15     | Entered Level 15 of the Dungeon
 18557 | D:15     | Received a gift from Trog
 19215 | D:15     | Found a staircase to the Depths.
 19300 | D:15     | Found Kiyrhahy's Weapon Shoppe.
 19559 | D:10     | Bought a potion of might for 152 gold pieces
 19977 | Spider:1 | Entered Level 1 of the Spider Nest
 20088 | Spider:1 | Noticed an emperor scorpion
 20090 | Spider:1 | Received a gift from Trog
 20120 | Spider:1 | Killed an emperor scorpion
 20324 | Spider:1 | Noticed Donald
 20344 | Spider:1 | Killed Donald
 20601 | Spider:2 | Noticed Arachne
 20621 | Spider:2 | Killed Arachne
 20622 | Spider:2 | Reached XP level 16. HP: 160/160 MP: 17/21
 21019 | Spider:2 | Noticed Kirke
 21028 | Spider:2 | Killed Kirke
 21453 | Spider:2 | Noticed Asterion
 21479 | Spider:2 | Gained mutation: You sometimes lose your temper in combat.
                  | [a cacodemon]
 21483 | Spider:2 | Reached skill level 15 in Armour
 21490 | Spider:2 | Noticed an Executioner
 21495 | Spider:2 | Killed Asterion
 22074 | Spider:3 | Reached skill level 15 in Shields
 23089 | Spider:4 | Entered Level 4 of the Spider Nest
 23202 | Spider:4 | Received a gift from Trog
 23275 | Spider:4 | Reached skill level 1 in Throwing
 23432 | Spider:4 | Reached XP level 17. HP: 172/172 MP: 2/22
 23718 | Spider:4 | Reached skill level 5 in Throwing
 23718 | Spider:4 | Reached XP level 18. HP: 182/182 MP: 23/23
 23757 | Spider:4 | Got a gossamer rune of Zot
 24608 | D:4      | Bought a potion of resistance for 120 gold pieces
 24786 | Shoals:1 | Entered Level 1 of the Shoals
 25159 | Shoals:1 | Identified the +5 spear of Dismemberment {flame, rC+} (Trog
                  | gifted it to you on level 1 of the Shoals)
 25159 | Shoals:1 | Received a gift from Trog
 26110 | Shoals:2 | Found Ixempuh's Book Shoppe.
 26112 | Shoals:2 | You fall into a shaft and drop 1 floor!
 26523 | Shoals:3 | Received a gift from Trog
 26939 | Shoals:4 | Entered Level 4 of the Shoals
 27031 | Shoals:4 | Found a transporter.
 27034 | Shoals:4 | Noticed MrDizzy's ghost (adept HOBe)
 27052 | Shoals:4 | Found a transporter.
 27132 | Shoals:4 | Reached skill level 10 in Dodging
 27320 | Shoals:4 | Got a barnacled rune of Zot
 27439 | Shoals:4 | Identified the ring of Wiyrim {Fly rElec rC++ rCorr Int-5}
 27475 | Shoals:4 | Reached XP level 19. HP: 181/193 MP: 21/24
 27513 | Shoals:4 | Noticed Roxanne
 27716 | Shoals:4 | Received a gift from Trog
 27822 | Shoals:4 | Identified the +6 chain mail of Impermeability {Rampage
                  | rPois}
 28312 | D:3      | Bought a manual of Invocations for 1040 gold pieces
 28551 | Slime:1  | Entered Level 1 of the Pits of Slime
 29579 | Slime:3  | Paralysed by a great orb of eyes for 3 turns
 30134 | Depths:1 | Entered Level 1 of the Depths
 30138 | Depths:1 | Found Ysekippueha's Antique Armour Shop.
 30141 | Depths:1 | Found Baruum's Book Boutique.
 30143 | Depths:1 | Found Olasta Dorph's Magic Scroll Shop.
 30157 | Depths:1 | Received a gift from Trog
 30173 | Depths:1 | Bought a scroll of enchant weapon for 142 gold pieces
 30173 | Depths:1 | Bought a scroll of enchant weapon for 142 gold pieces
 30573 | Depths:1 | Found Cuodaen's Assorted Antiques.
 30586 | Depths:1 | Found a corrupted altar of Lugonu.
 30621 | Depths:1 | Reached skill level 10 in Invocations
 30922 | Depths:1 | Found a gateway to Hell.
 30922 | Depths:1 | Noticed a hellephant
 30955 | Depths:1 | Killed a hellephant
 31530 | Vaults:1 | Entered Level 1 of the Vaults
 31599 | Vaults:1 | Paralysed by a great orb of eyes for 3 turns
 31643 | Vaults:1 | Identified the +0 ring mail of Sif Muna's Generosity
                  | {Dex+3}
 31856 | Vaults:1 | Identified the +3 hand axe "Moimegg" {flame, Will+} (Trog
                  | gifted it to you on level 1 of the Vaults)
 31856 | Vaults:1 | Received a gift from Trog
 31875 | Vaults:1 | Identified the +4 lajatang of the Sun {antimagic, rN+
                  | Dex+3}
 32022 | Vaults:1 | Reached XP level 20. HP: 205/205 MP: 27/27
 33124 | Vaults:2 | Noticed Margery
 33139 | Vaults:2 | Killed Margery
 33296 | Vaults:2 | Reached ****** piety under Trog
 33381 | Vaults:2 | Found a runed translucent door.
 33381 | Vaults:2 | Found a shimmering altar of Xom.
 33381 | Vaults:2 | Noticed Droegar's ghost (adept MiBe)
 33405 | Vaults:2 | Killed Droegar's ghost
 33405 | Vaults:2 | Received a gift from Trog
 34212 | Vaults:3 | Noticed Boris
 34220 | Vaults:3 | Killed Boris
 34242 | Vaults:3 | Found a staircase to the Crypt.
 34242 | Vaults:3 | Found a basalt altar of Yredelemnul.
 34243 | Vaults:3 | Found an ancient bone altar of Kikubaaqudgha.
 34428 | Vaults:3 | Received a gift from Trog
 34528 | Vaults:3 | Noticed Saint Roka
 34569 | Vaults:3 | Killed Saint Roka
 34728 | Vaults:3 | Found Affarawa's Armour Shop.
 35075 | Vaults:3 | Reached XP level 21. HP: 210/213 MP: 26/28
 35174 | Vaults:3 | Noticed Mennas
 35188 | Vaults:3 | Killed Mennas
 35572 | Vaults:4 | Received a gift from Trog
 35661 | Vaults:4 | Found Heosioc's Magic Scroll Shop.
 35882 | Vaults:4 | Paralysed by a great orb of eyes for 5 turns
 36179 | Vaults:4 | Received a gift from Trog
 36466 | Vaults:4 | Reached skill level 27 in Armour
 37384 | Vaults:5 | Entered Level 5 of the Vaults
 37418 | Vaults:5 | Reached XP level 22. HP: 224/224 MP: 23/29
 37420 | Vaults:5 | Received a gift from Trog
 37484 | Vaults:5 | Noticed a golden dragon
 37616 | Vaults:5 | Killed a golden dragon
 37752 | Vaults:5 | Identified the +1 chain mail of Levity {Str+5}
 37769 | Vaults:5 | Paralysed by a sphinx for 2 turns
 38466 | Vaults:5 | Found Gusizapna's Armour Shoppe.
 38466 | Vaults:5 | Found Eter's Weapon Shop.
 38524 | Vaults:5 | Found Luageyn's Distillery.
 38528 | Vaults:5 | Bought a potion of resistance for 190 gold pieces
 38528 | Vaults:5 | Bought a potion of haste for 190 gold pieces
 38528 | Vaults:5 | Bought a potion of invisibility for 152 gold pieces
 38534 | Vaults:5 | Found Viydisew's Antique Weapon Shop.
 38707 | Vaults:5 | Found Bular's Magic Scroll Boutique.
 38723 | Vaults:5 | Bought a scroll of blinking for 112 gold pieces
 38723 | Vaults:5 | Bought a scroll of enchant armour for 112 gold pieces
 38723 | Vaults:5 | Bought a scroll of teleportation for 45 gold pieces
 38723 | Vaults:5 | Bought a scroll of immolation for 60 gold pieces
 38781 | Vaults:5 | Found Leb Ech's Magic Scroll Shop.
 38786 | Vaults:5 | Bought a scroll of acquirement for 1040 gold pieces
 38788 | Vaults:5 | Acquired 514 gold pieces
 38815 | Vaults:5 | Bought a scroll of blinking for 150 gold pieces
 38815 | Vaults:5 | Bought a scroll of blinking for 150 gold pieces
 38815 | Vaults:5 | Bought a scroll of fear for 80 gold pieces
 38815 | Vaults:5 | Bought a scroll of teleportation for 60 gold pieces
 38906 | Vaults:5 | Noticed a dread lich
 38906 | Vaults:5 | Noticed a golden dragon
 38914 | Vaults:5 | Killed a golden dragon
 38920 | Vaults:5 | Killed a dread lich
 38983 | Vaults:5 | Got a silver rune of Zot
 39053 | Vaults:5 | Found Pysyffos's Magic Scroll Shoppe.
 39057 | Vaults:5 | Bought a scroll of poison for 64 gold pieces
 39057 | Vaults:5 | Bought a scroll of fear for 64 gold pieces
 39065 | Vaults:5 | Found Hoegac's Distillery.
 39358 | Vaults:5 | Bought a scroll of blinking for 120 gold pieces
 39358 | Vaults:5 | Bought a scroll of blinking for 120 gold pieces
 39422 | Vaults:4 | Bought a scroll of fear for 84 gold pieces
 39422 | Vaults:4 | Bought a scroll of teleportation for 63 gold pieces
 39422 | Vaults:4 | Bought a scroll of summoning for 199 gold pieces
 39422 | Vaults:4 | Bought a scroll of teleportation for 63 gold pieces
 39724 | Depths:2 | Received a gift from Trog
 40043 | Depths:2 | Reached XP level 23. HP: 239/239 MP: 28/30
 40230 | Depths:2 | Reached skill level 27 in Fighting
 40348 | Depths:2 | Noticed a juggernaut
 40355 | Depths:2 | Noticed a juggernaut
 40356 | Depths:2 | Killed a juggernaut
 40367 | Depths:2 | Killed a juggernaut
 40370 | Depths:2 | Noticed a caustic shrike
 40476 | Depths:2 | Killed a caustic shrike
 40480 | Depths:2 | Received a gift from Trog
 40485 | Depths:2 | Reached skill level 15 in Dodging
 40509 | Depths:2 | Identified the ring "Fiennes" {rElec rPois rC+ Str+4
                  | Stlth+}
 40658 | Depths:2 | Found a one-way gateway to a ziggurat.
 40828 | Depths:2 | Found a one-way gate leading to the halls of Pandemonium.
 41216 | Depths:3 | Noticed Boris
 41227 | Depths:3 | Killed Boris
 41644 | Depths:3 | Received a gift from Trog
 42119 | Depths:3 | Found a stormy altar of Qazlal.
 42311 | Depths:4 | Entered Level 4 of the Depths
 42433 | Depths:4 | Found a gate to the Realm of Zot.
 42453 | Depths:4 | Reached XP level 24. HP: 225/249 MP: 24/30
 42671 | Depths:4 | Received a gift from Trog
 42713 | Depths:4 | Found a hazy altar of Hepliaklqana.
 43323 | Depths:4 | Found a glowing silver altar of Zin.
 43395 | Zot:1    | Entered Level 1 of the Realm of Zot
 43712 | Zot:1    | You fall into a shaft and drop 1 floor!
 44296 | Zot:1    | Received a gift from Trog
 45364 | Zot:2    | Reached XP level 25. HP: 224/257 MP: 19/30
 45402 | Zot:2    | Identified the staff of cold "Kukun" {*Slow rC+ Will+ Str+6
                  | Dex+3}
 45561 | Zot:2    | Identified the ring of Sophism {Ice *Corrode Str+5 Dex+2}
 45561 | Zot:2    | Noticed Josephina
 45593 | Zot:2    | Killed Josephina
 47142 | Zot:4    | Received a gift from Trog
 47818 | Zot:5    | Entered Level 5 of the Realm of Zot
 48437 | Zot:5    | Noticed an ancient lich
 48463 | Zot:5    | Killed an ancient lich
 48552 | Zot:5    | Noticed an orb of fire
 48555 | Zot:5    | Gained mutation: You are frail. (-10% HP) [an orb of fire]
 48557 | Zot:5    | Noticed a Killer Klown
 48558 | Zot:5    | Gained mutation: You are partially covered in iridescent
                  | scales. (AC +2) [an orb of fire]
 48562 | Zot:5    | Gained mutation: You occasionally lose the ability to drink
                  | potions when taking damage. [an orb of fire]
 48565 | Zot:5    | Noticed an ancient lich
 48568 | Zot:5    | Lost mutation: You are partially covered in iridescent
                  | scales. (AC +2) [an orb of fire]
 48579 | Zot:5    | Noticed an orb of fire
 48584 | Zot:5    | Noticed a Killer Klown
 48584 | Zot:5    | Noticed a Killer Klown
 48584 | Zot:5    | Noticed a Killer Klown
 48587 | Zot:5    | Noticed a Killer Klown
 48590 | Zot:5    | Noticed an ancient lich
 48591 | Zot:5    | Noticed a dread lich
 48591 | Zot:5    | Noticed a Killer Klown
 48599 | Zot:5    | Got the Orb of Zot
 48617 | Zot:5    | Noticed a seraph
 48648 | Zot:5    | Reached skill level 27 in Shields
 48932 | Depths:1 | Noticed Gyffutt the pandemonium lord
 48960 | Depths:1 | Killed Gyffutt the pandemonium lord
 49224 | D:9      | Received a gift from Trog
 49428 | D:$      | Escaped with the Orb!

Illustrated notes

Levels and vault maps discovered:
D:1:      scummos_arrival_simple_fountains, layout_loops_ring,
          nrook_loot_triangle
D:2:      layout_loops_corners
D:3:      layout_rooms, shapermc_ecumenical_altar_acropolis, st_stairs_7,
          nicolae_shop_vocational, uniq_jessica, uniq_ijyb
D:4:      layout_rooms, led_sif_book, serial_shops, kennysheep_mini_moat,
          minmay_misc_feat_ornament, uniq_duvessa
D:5:      layout_basic, minmay_temple_entry_mini_moons
D:6:      layout_rooms, mainiacjoe_overflow_24_doors,
          mainiacjoe_overflow_alcove_1, uniq_blork_the_orc
D:7:      layout_rooms, nicolae_uskayaw_dance_hall, nicolae_gozag_seed_capital,
          kennysheep_generic_room_5
D:8:      layout_rooms
D:9:      layout_irregular_city, gammafunk_temple_of_torment, kennysheep_mini,
          old_standard_altar, kennysheep_little_box,
          minmay_orc_entry_temple_small
D:10:     layout_basic, pf_just_have_faith, due_lair_maze_entry_diamond,
          serial_shops, shop, uniq_snorg
D:11:     layout_basic, uniq_harold
D:12:     layout_long_grid, serial_shops, nicolae_shop_peninsula
D:13:     layout_loops_ring, serial_shops, nicolae_shop_pleasant_corner_grove,
          uniq_frances, uniq_nessos
D:14:     layout_irregular_city, erik_vaults_1, minmay_misc_feat_four_crosses
D:15:     grunt_enter_depths_hoard, layout_small_grid, nicolae_two_hexagons,
          serial_shops, shop, minivault_5
Lair:1:   layout_gridlike, chequers_serial_rivers_micro_d, nzn_sisyphean_effort,
          grunt_megastairs_1
Lair:2:   layout_roguey, elwin_shoals_entry_rocks,
          hellmonk_spider_entry_life_and_decay, nicolae_volcano_entry_lava_flow,
          gammafunk_ghost_grave, uniq_gastronok, uniq_nergalle, uniq_amaemon
Lair:3:   layout_regular_city, basic_altar
Lair:4:   layout_misc_corridors, hellmonk_guarded_unrand_seven_league_boots
Lair:5:   hellmonk_lair_end_abyssal_woods, layout_hall_layers, slime_entry_2,
          pond, uniq_urug
Shoals:1: layout_shoals
Shoals:2: layout_shoals, serial_shops, shop_coins
Shoals:3: layout_shoals, nicolae_shoals_goliath_grotto
Shoals:4: shoals_end_simple, layout_shoals, gammafunk_ghost_arena, uniq_roxanne
Spider:1: layout_spider_delve, uniq_donald
Spider:2: layout_chambers, uniq_arachne, uniq_asterion, uniq_kirke
Spider:3: layout_spider_delve, drop_trap
Spider:4: grunt_spider_rune_circles, nicolae_spider_not_touching_you
Slime:1:  layout_caves
Slime:2:  layout_caves
Slime:3:  layout_caves, uniq_dissolution
Orc:1:    layout_caves, roderic_batcave
Orc:2:    hellmonk_orc_salted, layout_caves, serial_shops, shop
Vaults:1: nicolae_vaults_storage_closets_1, v_misc_33,
          nicolae_vaults_angled_halls, nicolae_vaults_security_offices_3,
          hangedman_vaults_trim, vaults_room_semicircle, vaults_mumra_hexcomb,
          nicolae_vaults_diamond_2, nicolae_vaults_double_plus_2,
          nicolae_vaults_house_1, nicolae_vaults_trapezoid_lopsided_3,
          layout_vaults_chaotic_city
Vaults:2: ebering_ghost_xom, v_misc_2, vaults_dpeg_encased_lava, st_lines,
          nicolae_vaults_heist, v_pattern_3, nicolae_vaults_closet_pinwheel_4,
          nicolae_vaults_network_square, nicolae_vaults_tetromino_L_1,
          hangedman_vaults_stream, layout_vaults_omnigrid, uniq_margery
Vaults:3: nicolae_vaults_tetromino_T_2, nicolae_vaults_circle_grid_b,
          minmay_crypt_entry_necro_gods, v_rooms_6, v_misc_17,
          ontoclasm_vaults_chip, nicolae_vaults_twisting_passages,
          vaults_room_ringed_pool, nicolae_vaults_little_squares_2,
          nicolae_vaults_taking_the_gang_shopping, layout_vaults_omnicross,
          uniq_boris, uniq_mennas, uniq_saint_roka
Vaults:4: v_rooms_2, nicolae_vaults_diagonal_hallway_7, vaults_standard_mumra_x,
          nicolae_vaults_three_branches, nicolae_vaults_quadrants, v_misc_2,
          nicolae_vaults_shrinking_rooms_1, hangedman_vaults_corner_blocks,
          v_alt_pattern_2, serial_ice_m, nicolae_vaults_tetromino_L_2,
          nicolae_vaults_double_plus_2, nicolae_vaults_storage_room_doors,
          layout_vaults_maze, serial_shops, shop
Vaults:5
Depths:1: layout_gridville, serial_shops, shop, abyss_entry_flame_altar,
          grunt_hell_horde, serial_bayou_pond_e, serial_bayou_lake_a,
          firewood_loft, minmay_shop_star
Depths:2: minmay_tile_spiral, layout_twisted_cross, enter_ziggurat_f,
          grunt_hell_entry_dis_old, rand_demon_pan_entry_4, grunt_ministairs_5,
          drop_trap, minivault_16
Depths:3: minmay_the_grid_4x2 [minmay_the_grid_minigrid_large,
          minmay_the_grid_rooms, minmay_the_grid_pillar_ring,
          minmay_the_grid_doors, minmay_the_grid_artifice, minmay_the_grid_mess,
          minmay_the_grid_spikes, minmay_the_grid_prize_four_corners],
          layout_basic, grunt_qazlal_clouds, pf_hell_entry_tar_spiral,
          abyss_entry
Depths:4: grunt_zot_entry_funnels, layout_honeycomb, zin_angel, pan_entry,
          hell_entry, abyss_entry_crystal, nzn_hepliaklqana_mist_gate
Zot:1:    lemuel_acid_trip, layout_onion_interference
Zot:2:    layout_misc_corridors, uniq_josephina
Zot:3:    layout_twisted_circle, st_stairs_6
Zot:4:    layout_misc_corridors, grunt_ministairs_10
Zot:5:    layout_basic

Skill      XL: |  1  2  3  4  5  6  7  8  9 10 11 12 13 14 15 16 17 18 19 20 21 22 23 24 25 |
---------------+----------------------------------------------------------------------------+-----
Fighting       | 4 5 6 7 8 9 10 12 13 16 17 19 20 21 22 23 24 26 27 | 27.0
Polearms       | 4 5 6 10 12 14 | 14.0
Armour         | 4 7 9 11 12 13 14 15 17 20 25 27 | 27.0
Shields        | 3 6 9 10 12 13 14 15 16 17 18 20 22 25 27 | 27.0
Invocations    | 1 4 6 8 11 | 11.0
Evocations     | 3 7 9 11 12 | 12.8
Dodging        | 5 7 8 10 12 13 17 20 22 | 22.8
Throwing       | 2 5 6 |  6.3

Action                     |  1- 3 |  4- 6 |  7- 9 | 10-12 | 13-15 | 16-18 | 19-21 | 22-24 | 25-27 || total
---------------------------+-------+-------+-------+-------+-------+-------+-------+-------+-------++-------
  Melee: Spear             |    71 |    59 |       |       |       |       |       |       |       ||   130
         Headbutt          |     5 |    11 |    28 |    55 |   223 |   173 |   351 |   429 |   180 ||  1455
         Trident           |       |    60 |   224 |   273 |       |       |       |       |       ||   557
         Demon trident     |       |       |       |   189 |   968 |   941 |  1352 |  1587 |   685 ||  5722
   Fire: Sling             |       |     7 |       |       |       |       |       |       |       ||     7
  Throw: Dart              |       |       |     6 |    21 |     6 |    22 |       |       |       ||    55
         Javelin           |       |       |       |       |    29 |       |    21 |    22 |     6 ||    78
         Throwing net      |       |       |       |       |     3 |     2 |       |       |       ||     5
 Invoke: Berserk           |     4 |     6 |     8 |    13 |     9 |     5 |     7 |     2 |     4 ||    58
         Trog's Hand       |     1 |     2 |     2 |     5 |     5 |     7 |     7 |    14 |     8 ||    51
         Brothers in Arms  |       |       |       |       |     4 |     5 |     6 |    11 |     3 ||    29
  Evoke: Box of beasts     |       |       |       |       |       |       |     2 |     4 |       ||     6
         Wand              |       |       |       |       |       |       |       |     1 |       ||     1
    Use: Scroll            |       |       |       |    20 |    13 |     6 |     8 |    12 |    14 ||    73
         Potion            |       |       |       |       |     1 |     1 |     2 |     8 |     4 ||    16
   Stab: Sleeping          |     2 |       |       |       |     7 |     4 |    17 |       |       ||    30
         Distracted        |       |       |       |       |     3 |     2 |     2 |     4 |       ||    11
         Held in net/web   |       |       |       |       |       |     1 |       |       |       ||     1
         Invisible         |       |       |       |       |       |       |       |     5 |     1 ||     6
 Armour: Animal skin       |     3 |       |       |       |       |       |       |       |       ||     3
         Chain mail        |    12 |    30 |    42 |       |       |       |    44 |       |       ||   128
         Plate armour      |       |       |     7 |    26 |       |       |    65 |       |       ||    98
         Ring mail         |       |       |       |    49 |   193 |   242 |     6 |       |       ||   490
         Shadow dragon sca |       |       |       |       |       |       |   101 |    36 |       ||   137
         Gold dragon scale |       |       |       |       |       |       |       |   399 |   108 ||   507
  Dodge: Dodged            |    16 |    34 |    33 |    93 |   228 |   281 |   233 |   423 |   174 ||  1515
  Block: Buckler           |       |       |    32 |    84 |   177 |       |       |       |       ||   293
         Reflection        |       |       |       |       |     1 |       |       |       |       ||     1
         Tower shield      |       |       |       |       |   137 |   734 |   683 |  1084 |   448 ||  3086
